 Dungeon Crawl Stone Soup version 0.29-a0-233-g1125b37a9b (webtiles) character file.

Game seed: 10264647160395042094

6243 kae the Severer (level 10, -13/88 HPs)
             Began as a Minotaur Fighter on Mar 1, 2022.
             Mangled by Joseph
             ... wielding a +0 quarterstaff
              (17 damage)
             ... on level 7 of the Dungeon.
             The game lasted 00:04:11 (8832 turns).

kae the Severer (Minotaur Fighter)                  Turns: 8832, Time: 00:04:11

Health: -13/88     AC: 10    Str: 24    XL:     10   Next: 62%
Magic:  9/9        EV: 10    Int: 13    God:
Gold:   296        SH:  5    Dex:  9    Spells: 9/9 levels left

rFire   . . .      SeeInvis .   a - +1 war axe (drain)
rCold   . . .      Faith    .   c - +0 buckler
rNeg    . . .      Spirit   .   q - +0 acid dragon scales
rPois   .          Reflect  .   (helmet restricted)
rElec   .          Harm     .   y - +0 cloak
rCorr   +          Rampage  .   (no gloves)
Will    .....                   x - +0 pair of boots
Stlth   +.........              (no amulet)
HPRegen 0.24/turn               g - ring of flight
MPRegen 0.11/turn               r - +6 ring of intelligence

@: flying
A: horns 2, retaliatory headbutt
a: no special abilities


You were on level 7 of the Dungeon.
You visited 2 branches of the dungeon, and saw 8 of its levels.
You also visited: Sewer.

You collected 296 gold pieces.

Inventory:

Hand Weapons
 a - a +1 war axe of draining (weapon)
Missiles
 v - 4 throwing nets (quivered)
Armour
 b - a +0 scale mail
 c - a +0 buckler (worn)
 q - +0 acid dragon scales (worn)
 x - a +0 pair of boots (worn)
 y - a +0 cloak (worn)
Jewellery
 f - a ring of wizardry
 g - a ring of flight (left hand)
 r - a +6 ring of intelligence (right hand)
Scrolls
 l - a scroll of noise {unknown}
 p - a scroll of fog
 s - a scroll of silence {unknown}
 t - a scroll of teleportation
 w - a scroll of magic mapping
Potions
 d - 2 potions of might
 e - a potion of ambrosia
 h - 6 potions of curing
 i - 5 potions of heal wounds
 j - 4 potions of haste
 k - 2 potions of berserk rage
 m - 2 potions of invisibility
 n - a potion of flight {unknown}
 o - a potion of brilliance {unknown}
 u - a potion of degeneration {unknown}


   Skills:
 + Level 8.1 Fighting
 + Level 16.1 Axes
 + Level 8.1 Armour
 + Level 8.0 Shields


You had 9 spell levels left.
You didn't know any spells.
Your spell library contained the following spells:

 Spells                   Type           Power      Damage    Failure   Level
 Static Discharge         Conj/Air       0%         N/A       56%         2
 Confusing Touch          Hex            0%         N/A       80%         3
 Dispel Undead            Necr           0%         3d6       99%         4
 Sticky Flame             Conj/Fire      0%         2d3       99%         4
 Yara's Violent Unravell  Hex/Tmut       0%         3d3       100%        5
 Enfeeble                 Hex            0%         N/A       100%        7


Dungeon Overview and Level Annotations

Branches:
Dungeon (7/15)             Temple (1/1) D:4           Sewer (visited)

Altars:
Ashenzari
Cheibriados
Dithmenos
Elyvilon
Fedhas
Gozag
Hepliaklqana
Kikubaaqudgha
Okawaru
Ru
Uskayaw
Wu Jian
Xom
Yredelemnul
Zin
The Shining One

Shops:
D:5 ?

Annotations:
D:4 3 runed translucent doors, BigAl's ghost, amateur HOFi; DEFE's ghost, amateur OpFi; Hasart's ghost, novice DgHu; bmj180's ghost, amateur DsNe
D:7 Joseph


Innate Abilities, Weirdness & Mutations

You have a pair of horns on your head.
You reflexively headbutt those who attack you in melee.


Message History

You are too injured to fight recklessly!
Joseph is nearby!
You are too injured to fight recklessly!
You are too injured to fight recklessly!
Joseph is nearby!
You are too injured to fight recklessly!
You are too injured to fight recklessly!
Joseph is nearby!
You are too injured to fight recklessly!
You are too injured to fight recklessly!
You are too injured to fight recklessly!
You are too injured to fight recklessly!
Found a scroll of teleportation.
Joseph shoots a sling bullet.
The sling bullet hits you!
Joseph unwields a +0 hunting sling.
Joseph wields a +0 quarterstaff.
Joseph drinks a potion.
Joseph goes berserk!
You closely miss Joseph. You headbutt Joseph!
Joseph is lightly wounded.
Joseph barely misses you.
You closely miss Joseph.
Joseph is lightly wounded.
Joseph hits you with a +0 quarterstaff.
You hit Joseph. You drain Joseph. Your headbutt misses Joseph.
Joseph is lightly wounded.
Joseph hits you but does no damage.
You hit Joseph.
Joseph is lightly wounded.
Joseph hits you with a +0 quarterstaff!
* * * LOW HITPOINT WARNING * * *
You slash Joseph! Your headbutt misses Joseph.
Joseph is moderately wounded.
Joseph hits you with a +0 quarterstaff!
* * * LOW HITPOINT WARNING * * *
You closely miss Joseph.
Joseph is moderately wounded.
Joseph closely misses you. You furiously retaliate!
You headbutt Joseph! You slash Joseph!
Joseph is moderately wounded.
Joseph hits you with a +0 quarterstaff!
You die...

#......... #..?...... #.
#......... #. #.........
##.###......... ...
...##......<.. +..
#.##..@...... #.# ##
#....@....... #.# #
#.##............ ..#
#.##.#............
.)#+###.................
.#...#####..............
.<...######'##.............
.............+..............
#...........##..............
#...........##..............


You could see Joseph (berserk, drained).

Vanquished Creatures
  The ghost of trm the Destroyer, a novice OpCj of Gozag (D:6)
  An acid dragon (D:5)
  2 water moccasins
  Duvessa (D:6)
  2 black bears
  5 ogres
  2 centaurs (D:7)
  3 phantoms
  A kobold brigand (D:6)
  4 necrophages (D:5)
  2 scorpions
  A water moccasin zombie (D:5)
  5 wights
  Dowan (D:6)
  A bullfrog zombie (D:5)
  2 hounds (D:5)
  A human zombie (D:5)
  3 jellies
  2 gnoll shamans
  An iguana (D:5)
  3 orc wizards
  A mummy (D:5)
  A howler monkey zombie (D:5)
  16 gnolls
  8 adders
  A river rat (D:5)
  4 shadow imps
  4 ufetubi
  An adder zombie (D:5)
  4 worms
  A dart slug (D:1)
  14 orcs
  3 bats
  13 endoplasms
  6 giant cockroaches
  6 goblins
  3 hobgoblins
  5 jackals (D:4)
  9 quokkas
  5 ball pythons
  2 frilled lizards
  A giant cockroach zombie (Sewer)
  31 kobolds
  A kobold zombie (Sewer)
  8 rats
192 creatures vanquished.

Notes
Turn   | Place    | Note
-------+----------+-------------------------------------------
     0 | D:1      | kae the Minotaur Fighter began the quest for the Orb.
     0 | D:1      | Reached XP level 1. HP: 19/19 MP: 0/0
   228 | D:1      | Reached XP level 2. HP: 21/27 MP: 1/1
   305 | D:1      | Reached skill level 3 in Axes
   838 | D:2      | Found a blossoming altar of Fedhas.
   848 | D:2      | Reached XP level 3. HP: 28/33 MP: 2/2
  1847 | D:2      | Reached XP level 4. HP: 4/40 MP: 3/3
  2163 | D:3      | Reached skill level 4 in Axes
  2297 | D:3      | Found a shadowy altar of Dithmenos.
  2343 | D:3      | Found an iron altar of Okawaru.
  2373 | D:3      | Noticed a black bear
  2381 | D:3      | Killed a black bear
  2382 | D:3      | Reached XP level 5. HP: 38/47 MP: 4/4
  2672 | D:3      | Found a faded altar of an unknown god.
  3277 | D:4      | Reached skill level 5 in Axes
  3355 | D:4      | Found a runed translucent gate.
  3356 | D:4      | Found a runed translucent gate.
  3357 | D:4      | Found a runed translucent gate.
  3358 | D:4      | Noticed DEFE's ghost (amateur OpFi)
  3359 | D:4      | Noticed bmj180's ghost (amateur DsNe)
  3359 | D:4      | Noticed BigAl's ghost (amateur HOFi)
  3359 | D:4      | Noticed bmj180's ghost (amateur DsNe)
  3359 | D:4      | Noticed Hasart's ghost (novice DgHu)
  3392 | D:4      | Noticed a phantom
  3401 | D:4      | Killed a phantom
  3402 | D:4      | Reached skill level 5 in Fighting
  3402 | D:4      | Reached skill level 5 in Armour
  3402 | D:4      | Reached XP level 6. HP: 34/56 MP: 5/5
  3671 | D:4      | Found a staircase to the Ecumenical Temple.
  3685 | D:4      | Reached skill level 5 in Shields
  3690 | Temple   | Entered the Ecumenical Temple
  4548 | D:5      | Entered Level 5 of the Dungeon
  4646 | D:5      | Found a glowing drain.
  4653 | D:5      | Reached skill level 6 in Axes
  4655 | Sewer    | Entered a sewer
  4712 | Sewer    | Reached XP level 7. HP: 58/61 MP: 6/6
  4894 | Sewer    | Found an ancient bone altar of Kikubaaqudgha.
  5237 | Sewer    | Noticed Grinder
  5243 | Sewer    | Paralysed by Grinder for 7 turns
  5259 | Sewer    | Paralysed by Grinder for 5 turns
  5611 | D:5      | Reached skill level 7 in Axes
  5835 | D:5      | Found a glowing silver altar of Zin.
  5946 | D:5      | Found a shimmering altar of Xom.
  5969 | D:5      | Reached XP level 8. HP: 35/70 MP: 7/7
  6332 | D:5      | Found Usosapon's Magic Scroll Emporium.
  6582 | D:5      | Found a basalt altar of Yredelemnul.
  6653 | D:5      | Reached skill level 8 in Axes
  6877 | D:6      | Noticed Duvessa
  6877 | D:6      | Noticed Dowan
  6886 | D:6      | Killed Duvessa
  6888 | D:6      | Killed Dowan
  6889 | D:6      | Reached skill level 9 in Axes
  6923 | D:6      | Reached XP level 9. HP: 73/79 MP: 8/8
  7490 | D:6      | Found an ancient bone altar of Kikubaaqudgha.
  7727 | D:6      | Found a hide-covered altar of Uskayaw.
  7906 | D:6      | Found a runed translucent door.
  8036 | D:6      | Noticed trm's ghost (novice OpCj)
  8052 | D:6      | Killed trm's ghost
  8053 | D:6      | Reached skill level 10 in Axes
  8264 | D:6      | Reached skill level 16 in Axes
  8264 | D:6      | Reached XP level 10. HP: 88/88 MP: 9/9
  8819 | D:7      | Noticed Joseph
  8830 | D:7      | HP: 3/88 [Joseph/+0 quarterstaff (17)]
  8832 | D:7      | Mangled by Joseph

Illustrated notes

Levels and vault maps discovered:
D:1:      psy_arrival_spokes, layout_basic, minmay_3d_cube
D:2:      layout_basic, basic_altar
D:3:      layout_basic, old_standard_altar, lemuel_coloured_pillars_altar,
          hellmonk_ecumenical_altar_blasted, hex_large,
          kennysheep_generic_room_6
D:4:      layout_loops_corners, temple_fountains, gammafunk_ghost_cemetery,
          hangedman_decor_peaks_small
D:5:      layout_rooms, lemuel_doored_altar, mainiacjoe_overflow_alcove_1,
          lemuel_mausoleum_altar_yredelemnul, gup_sewer_entry_bubbles,
          chequers_serial_rivers_room_b, nrook_campfire, nicolae_take_the_stairs
D:6:      layout_loops_ring, kiku_gazebo_garden_becter,
          nicolae_uskayaw_dance_studio, gammafunk_ghost_grave, uniq_duvessa
D:7:      minmay_s_stair_smasher, layout_basic, minmay_misc_feat_tiny,
          uniq_joseph
Temple:   nicolae_temple_figure_zero

Skill      XL: |  1  2  3  4  5  6  7  8  9 10 |
---------------+-------------------------------+-----
Axes           | 3 4 5 6 7 9 16 | 16.1
Fighting       | 4 5 6 7 8 |  8.1
Armour         | 4 5 6 7 8 |  8.1
Shields        | 4 5 6 7 8 |  8.0

Action                   |  1- 3 |  4- 6 |  7- 9 | 10-12 || total
-------------------------+-------+-------+-------+-------++-------
Melee: War axe           |    68 |   128 |   213 |    53 ||   462
       Headbutt          |     6 |    19 |    33 |    12 ||    70
  Use: Scroll            |     1 |     9 |     7 |       ||    17
       Potion            |       |       |     2 |       ||     2
Armor: Scale mail        |    39 |    69 |    42 |       ||   150
       Acid dragon scale |       |       |    52 |    19 ||    71
Dodge: Dodged            |    25 |    61 |    84 |    23 ||   193
Block: Buckler           |     5 |    40 |    40 |     9 ||    94

Table legend: (Time is in decaauts)
 A = Elapsed time spent in this place.
 B = Non-inter-level travel time spent in this place.
 C = Inter-level travel time spent in this place.
 D = Time resting spent in this place.
 E = Time spent auto-exploring this place.
 F = Levels seen in this place.
 G = Mean time per level.
                   A        B        C        D        E       F      G
               +--------+--------+--------+--------+--------+-----+--------+
         Total |   8916 |   8684 |    232 |   1272 |   6219 |   9 |  990.7 |
       Dungeon |   8165 |   7944 |    221 |   1272 |   5629 |   7 | 1166.4 |
        Temple |    123 |    113 |     10 |      0 |    112 |   1 |  123.0 |
         Sewer |    627 |    627 |      0 |      0 |    478 |   1 |  627.0 |
               +--------+--------+--------+--------+--------+-----+--------+

Top non-repeatable levels by time:
     D:5: 1733 daAuts
     D:6: 1371 daAuts
     D:2: 1347 daAuts
     D:4: 1258 daAuts
     D:3: 1066 daAuts
     D:1: 811 daAuts
   Sewer: 627 daAuts
     D:7: 576 daAuts
  Temple: 123 daAuts
